 Dungeon Crawl Stone Soup version 0.29-a0-307-gecccbbdb84 (webtiles) character file.

Game seed: 646055763480667463

136693 Murumi the Unseen (level 17, -4/149 HPs)
             Began as a Formicid Fighter on Mar 27, 2022.
             Was the Champion of Jiyva.
             Slain by a goliath frog (23 damage)
             ... called by a spriggan druid
             ... on level 3 of the Swamp.
             The game lasted 01:58:23 (24024 turns).

Murumi the Unseen (Formicid Fighter)               Turns: 24024, Time: 01:58:27

Health: -4/149     AC: 14    Str: 26    XL:     17   Next: 81%
Magic:  26/26      EV:  9    Int: 15    God:    Jiyva [******]
Gold:   814        SH: 11    Dex: 14    Spells: 26/28 levels left

rFire   + . .      SeeInvis +   a - +1 great mace (flame)
rCold   + + .      Faith    .   J - +3 buckler {rC+ rF+}
rNeg    . . .      Spirit   .   m - +0 plate armour
rPois   +          Reflect  .   (helmet unavailable)
rElec   .          Harm     .   C - +0 cloak
rCorr   +          Rampage  .   r - +0 pair of gloves
Will    ++...                   O - +1 pair of boots "Kupocese" {Slay+2}
Stlth   +++.......              F - amulet of regeneration
HPRegen 2.74/turn               H - ring of poison resistance
MPRegen 0.70/turn               c - +4 ring of slaying

@: corroded, studying Stealth
A: permanent stasis, dig shafts and tunnels, antennae 3, four strong arms,
iridescent scales 1, agile 2, cold resistance 1, strong-willed 1, passive
freeze, robust 1, strong 2, acidic bite, eyeballs 1, pseudopods 1, translucent
skin 1, tendrils, MP-powered wands
a: Dig, Shaft Self, Renounce Religion, Oozemancy, Slimify


You were on level 3 of the Swamp.
You worshipped Jiyva.
Jiyva was exalted by your worship.
You visited 5 branches of the dungeon, and saw 27 of its levels.
You also visited: Ice Cave.

You collected 2094 gold pieces.
You spent 1280 gold pieces at shops.

Inventory:

Hand Weapons
 a - a +1 great mace of flaming (weapon)
 f - a +0 arbalest
Missiles
 t - 5 throwing nets
Armour
 m - a +0 plate armour (worn)
 r - a +0 pair of gloves (worn)
 C - a +0 cloak (worn)
 J - a +3 buckler of resistance (worn)
 O - the +1 pair of boots "Kupocese" (worn) {Slay+2}
   (You bought it in a shop on level 2 of the Orcish Mines)

   Slay:      It affects your accuracy & damage with ranged weapons and melee
   (+2).
Jewellery
 c - a +4 ring of slaying (right hand)
 j - a ring of wizardry
 n - a +6 ring of dexterity
 x - a ring of positive energy
 y - a ring of willpower
 A - a ring of positive energy
 B - the ring of Qyrraank {Wiz rElec rF+ Will-}
   (You found it on level 7 of the Dungeon)

   [ring of wizardry]

   It improves your spell success rate.
   rF:        It protects you from fire.
   rElec:     It insulates you from electricity.
   Will:      It decreases your willpower.
 F - an amulet of regeneration (around neck)
 H - a ring of poison resistance (left hand)
Wands
 i - a wand of paralysis (8)
 l - a wand of iceblast (4)
 o - a wand of mindburst (6)
 s - a wand of polymorph (15)
 z - a wand of flame (26)
 G - a wand of digging (3)
 L - a wand of acid (13)
 M - a wand of charming (8)
Scrolls
 k - 6 scrolls of fear
 q - a scroll of fog
 w - 4 scrolls of identify
 D - 4 scrolls of amnesia
Potions
 b - 9 potions of brilliance
 d - 3 potions of might
 e - 5 potions of curing
 g - 5 potions of flight
 p - a potion of resistance
 u - a potion of attraction
 v - 4 potions of lignification
 N - a potion of mutation
 Q - a potion of magic
Miscellaneous
 h - a lightning rod (4/4)
 E - a box of beasts
 I - a phantom mirror
 K - a phial of floods
 P - a tin of tremorstones (2/2)
 S - a condenser vane (inert)


   Skills:
 - Level 13.0 Fighting
 - Level 12.0 Maces & Flails
 + Level 11.7 Crossbows
 - Level 13.0 Armour
 - Level 5.0 Dodging
 - Level 18.0 Stealth
 - Level 15.0 Shields
 - Level 6.0 Spellcasting
 - Level 8.0 Transmutations
 - Level 8.0 Evocations


You had 26 spell levels left.
You knew the following spells:

 Your Spells              Type           Power      Damage    Failure   Level
a - Wereblood             Tmut           28%        N/A       7%          2

Your spell library contained the following spells:

 Spells                   Type           Power      Damage    Failure   Level
 Magic Dart               Conj           16%        1d3       77%         1
 Call Imp                 Summ           4%         N/A       88%         2
 Static Discharge         Conj/Air       4%         N/A       88%         2
 Sublimation of Blood     Necr           4%         N/A       88%         2
 Petrify                  Tmut/Erth      16%        N/A       94%         4
 Mephitic Cloud           Conj/Pois/Air  4%         N/A       98%         3
 Summon Guardian Golem    Hex/Summ       4%         N/A       98%         3
 Animate Dead             Necr           2%         N/A       100%        4
 Dispel Undead            Necr           4%         3d7       100%        4
 Olgreb's Toxic Radiance  Pois           4%         N/A       100%        4
 Sticky Flame             Conj/Fire      4%         2d3       100%        4
 Fireball                 Conj/Fire      2%         3d4       100%        5
 Iskenderun's Battlesphe  Conj           4%         2d6       100%        5
 Metabolic Englaciation   Hex/Ice        2%         N/A       100%        5
 Conjure Ball Lightning   Conj/Air       2%         3x3d6     100%        6
 Statue Form              Tmut/Erth      10%        N/A       100%        6
 Haunt                    Necr/Summ      2%         N/A       100%        7
 Orb of Destruction       Conj           2%         9d5       100%        7
 Ozocubu's Refrigeration  Ice            2%         4d5       100%        7
 Spellforged Servitor     Conj/Summ      2%         N/A       100%        7
 Summon Hydra             Summ           2%         N/A       100%        7
 Ignition                 Fire           2%         3d3       100%        8
 Infestation              Necr           2%         N/A       100%        8


Dungeon Overview and Level Annotations

Branches:
Dungeon (15/15)            Temple (1/1) D:4            Lair (6/6) D:8
  Swamp (3/4) Lair:2       Spider (0/4) Lair:3        Slime (0/5) Lair:6
    Orc (2/2) D:12            Elf (0/3) Orc:2        Vaults (0/5) D:13
 Depths (0/4) D:15          IceCv (visited)

Altars:
Ashenzari
Cheibriados
Dithmenos
Elyvilon
Fedhas
Gozag
Hepliaklqana
Kikubaaqudgha
Makhleb
Nemelex Xobeh
Okawaru
Qazlal
Ru
Sif Muna
Trog
Uskayaw
Vehumet
Wu Jian
Xom
Yredelemnul
Zin
The Shining One
Beogh
Jiyva
Lugonu

Shops:
D:4 ?   D:15 *   Orc:2 :[*(

Portals:
Abyss: Lair:6
Trove: D:14 (show slimy rune of Zot)


Innate Abilities, Weirdness & Mutations

You cannot be hasted, slowed, berserked, paralysed or teleported.
You can dig through walls and to a lower floor.
You have a pair of large antennae on your head. (SInv)
Your four strong arms can wield two-handed weapons with a shield.
You are partially covered in iridescent scales. (AC +2)
You are very agile. (Dex +4)
Your flesh is cold resistant. (rC+)
You are strong-willed. (Will+)
A frigid envelope surrounds you and freezes all who hurt you.
You are robust. (+10% HP)
Your muscles are very strong. (Str +4)
You have acidic saliva.
Your body has grown eyes which may confuse attackers. (Acc +3)
Armour fits poorly on your pseudopods.
Your translucent skin slightly reduces your foes' accuracy. (Stealth+)
You are covered in slimy tendrils that may disarm your opponents.
You expend magic power (3 MP) to strengthen your wands.


Message History

The alligator is lightly wounded.
The alligator tail-slaps you!
The alligator is very cold.
The alligator is lightly wounded.
The alligator barely misses you.
The alligator tail-slaps you but does no damage.
The alligator is very cold.
The alligator seems to slow down.
The alligator is severely wounded.
You hear a distant slurping noise.
You hit the alligator. You burn the alligator. You bludgeon the alligator.
The alligator is lightly wounded.
Your seven-headed hydra barely misses the alligator.
Your seven-headed hydra bites the alligator!
Your seven-headed hydra bites the alligator. x2
Your seven-headed hydra bites the alligator!
The alligator dies!
The goliath frog hits you from afar!!
* * * LOW HITPOINT WARNING * * *
The acid corrodes you!
You are splashed with acid.
You resist.
* * * LOW HITPOINT WARNING * * *
Your goliath frog hits the alligator from afar!
The alligator is splashed with acid!
The acid corrodes the alligator!
You block the alligator's attack. x2
The alligator bites you but does no damage.
The alligator is very cold.
The alligator seems to slow down.
The alligator is lightly wounded.
The alligator tail-slaps you!
* * * LOW HITPOINT WARNING * * *
The alligator is very cold.
The alligator is moderately wounded.
Okay, then.
Okay, then.
Really release a tremorstone near the goliath frog, seven-headed hydra, bunyip and jelly?
This attack would place you under penance!
Okay, then.
Clouds of poison gas condense around you!
The condenser dries out!
The swamp worm is engulfed in poison gas.
The swamp worm is poisoned.
The swamp worm barely misses you.
The goliath frog is engulfed in poison gas.
The goliath frog is poisoned.
The goliath frog hits you from afar!!
You die...

♣ ♣....≈≈≈♣ .≈≈≈♣♣≈
♣♣♣.≈≈♣≈.♣♣ ..≈≈≈.≈♣
≈≈.≈≈≈.♣≈♣ ♣≈≈§≈.♣
...≈≈≈≈♣♣♣♣♣♣.≈§.≈♣♣≈♣♣.
..≈≈≈.♣.....≈♣..≈....≈§.
.
≈.≈≈...≈≈≈≈≈..>≈..≈≈.≈♣♣
≈
≈......≈≈≈≈≈†.§§.≈≈≈...♣
≈
≈.....≈≈≈≈≈≈≈.§t♣♣≈≈≈...
≈ .....§..≈[.≈..§t@F♣♣ ≈
≈≈.≈≈.♣....).§§wD.≈♣ ≈
≈.≈≈.♣♣♣≈...)§F§§..♣♣ .
≈≈≈..≈♣♣♣♣.≈≈§§x≈§..≈♣
♣♣≈≈≈♣♣ ♣...♣.≈≈≈....≈ ♣
♣♣♣♣♣ ♣♣♣♣♣.≈≈≈≈≈≈§≈≈ .
{♣♣>≈§≈≈≈... .
{♣.≈≈≈J§.♣♣ . .≈≈≈≈≈≈≈♣
≈


You could see 2 alligators, a goliath frog (strong, poisoned), a swamp worm
(strong, poisoned), a neutral jelly (wandering) (fellow slime), a friendly
bunyip (summoned), a friendly seven-headed hydra (summoned) and a friendly
goliath frog (summoned).

Vanquished Creatures
  Saint Roka (Orc:2)
  An Ice Fiend (IceCv)
  Jorgrun (D:12)
  A tengu reaver (D:13)
  A very ugly thing (D:13)
  A stone giant (D:13)
  Nessos (Lair:6)
  The ghost of Lotu the Severer, a journeyman HOFi of Beogh (D:12)
  5 eleionomae
  A bunyip (Swamp:2)
  Josephine (D:10)
  A fire dragon (D:15)
  Erolcha (D:10)
  The ghost of Zero the Cleaver, a journeyman GrFi of Okawaru (Lair:3)
  4 boulder beetles
  An ice dragon (D:15)
  10 hydras
  A caustic shrike simulacrum (IceCv)
  An ogre mage (D:15)
  Harold (Orc:1)
  2 catoblepae
  10 centaur warriors
  19 two-headed ogres
  4 tengu warriors
  6 alligators (Swamp:2)
  The ghost of Bnni the Lord of Darkness, a novice DsFi of Kikubaaqudgha (D:8)
  Nergalle (Lair:4)
  4 orc high priests (Orc:2)
  3 thrashing horrors (Lair:6)
  4 goliath frogs
  3 skeletal warriors (D:15)
  A flayed ghost (D:13)
  A spriggan druid (Swamp:2)
  Lodul (D:13)
  2 swamp dragons (Swamp:2)
  An obsidian statue (IceCv)
  3 bog bodies
  A large abomination (Lair:6)
  Pikel (D:4)
  7 spriggan simulacra (IceCv)
  A deep elf zephyrmancer (Orc:2)
  An orc knight (Orc:2)
  3 deep elf pyromancers
  A harpy (shapeshifter) (D:14)
  4 manticores
  A will-o-the-wisp (Swamp:3)
  An orc sorcerer (Orc:2)
  16 ugly things
  2 cyclopes
  3 elephants (Lair:5)
  Maurice (D:10)
  7 black mambas
  2 smoke demons (Lair:6)
  A gargoyle (D:11)
  2 ice statues (D:14)
  2 torpor snails
  10 cane toads
  An unseen horror (D:12)
  A yaktaur (D:13)
  3 kobold demonologists
  An efreet (D:15)
  5 freezing wraiths
  2 rime drakes
  4 tengu conjurers (D:13)
  2 anaconda simulacra (IceCv)
  5 entropy weaver simulacra (IceCv)
  10 komodo dragons
  7 ice devils (IceCv)
  2 golden dragon simulacra (IceCv)
  2 polar bears (Lair:5)
  3 trolls
  2 ancient zymes (Lair:6)
  3 tyrant leeches (Swamp:1)
  25 blink frogs
  A tarantella (shapeshifter) (Lair:6)
  A dream sheep (Lair:4)
  6 hornets
  A culicivora (Lair:3)
  2 jumping spiders (Lair:3)
  A centaur simulacrum (D:14)
  44 yaks
  A ynoxinul (Lair:6)
  8 spriggans
  7 wraiths
  A vampire (D:7)
  5 wyverns
  A fire elemental (Lair:5)
  5 basilisks
  2 dire elephant simulacra (IceCv)
  A hog (shapeshifter) (D:15)
  3 chaos spawn (Lair:6)
  A redback (Lair:3)
  Menkaure (D:4)
  3 vampire mosquitoes (D:13)
  2 steam dragons
  10 minotaur simulacra (IceCv)
  3 acid dragons
  3 wargs
  8 swamp worms
  15 water moccasins
  2 swamp drakes
  18 orc warriors
  2 ice beasts
  3 black bears
  3 wolves (Lair:1)
  3 centaurs
  An ettin simulacrum (IceCv)
  25 ogres
  15 small abominations (Lair:6)
  3 phantoms
  Blork the orc (D:4)
  3 kobold brigands
  6 bullfrogs
  7 deep troll simulacra (IceCv)
  2 scorpions
  A necrophage (D:8)
  A wight (D:7)
  2 lindwurm simulacra (IceCv)
  3 killer bees (D:10)
  2 electric eels
  3 howler monkeys
  A crimson imp (Orc:2)
  A jelly (Lair:3)
  3 hounds
  27 orc priests
  5 gnoll shamans
  2 iguanas
  33 orc wizards
  Robin (D:3)
  20 gnolls
  6 adders
  2 shadow imps
  3 white imps
  A worm (D:3)
  A dart slug (D:4)
  70 orcs
  8 ball pythons
  An endoplasm (D:1)
  2 giant cockroaches (D:3)
  15 goblins
  11 hobgoblins
  7 jackals (D:2)
  4 quokkas
  5 bats
  3 frilled lizards (D:3)
  31 kobolds
  7 rats
759 creatures vanquished.

Vanquished Creatures (collateral kills)
  Rupert (D:12)
  An alligator (Swamp:3)
  A spriggan druid (Swamp:3)
  A swamp dragon (Swamp:3)
  A swamp worm (Swamp:3)
  2 orc warriors
  An orc wizard (D:12)
8 creatures vanquished.

Vanquished Creatures (others)
  A torpor snail (Lair:6)
  A bloated husk (Swamp:3)
  A snapping turtle (shapeshifter) (D:13)
  Grinder (D:3)
  A slime creature (D:13)
  2 basilisks
  A swamp drake (Orc:2)
  An orc warrior (Orc:2)
  An ogre (Orc:2)
  A centaur (D:15)
  A kobold brigand (D:8)
  2 necrophages (D:6)
  A howler monkey (D:13)
  115 jellies
  8 orc priests
  An iron imp (Orc:2)
  An iguana (D:6)
  6 orc wizards
  2 gnolls (D:5)
  2 adders
  A shadow imp (Orc:2)
  A worm (D:3)
  15 orcs
  3 endoplasms
  5 goblins
  A hobgoblin (D:3)
  2 training dummies (D:5)
  2 frilled lizards (D:3)
  3 kobolds (D:3)
  A rat (D:3)
  A bush (D:8)
  4 foxfires (Swamp:3)
  97 fungi
  91 plants
  2 withered plants (D:13)
379 creatures vanquished.

Grand Total: 1146 creatures vanquished

Notes
Turn   | Place    | Note
-------+----------+-------------------------------------------
     0 | D:1      | Murumi the Formicid Fighter began the quest for the Orb.
     0 | D:1      | Reached XP level 1. HP: 18/18 MP: 1/1
   128 | D:1      | Reached XP level 2. HP: 20/24 MP: 2/2
   618 | D:2      | Found a faded altar of an unknown god.
   621 | D:2      | Prayed at the altar of an unknown god.
   621 | D:2      | Became a worshipper of Jiyva Jinkuryi the Shapeless
   621 | D:2      | Reached * piety under Jiyva
   683 | D:2      | Reached XP level 3. HP: 30/30 MP: 3/3
   867 | D:2      | Reached ** piety under Jiyva
  1263 | D:2      | Reached skill level 1 in Stealth
  1263 | D:2      | Reached XP level 4. HP: 33/37 MP: 4/4
  1276 | D:2      | Reached skill level 1 in Dodging
  1310 | D:2      | Reached skill level 2 in Stealth
  1760 | D:3      | Reached XP level 5. HP: 36/42 MP: 5/5
  1792 | D:3      | Noticed Robin
  1807 | D:3      | Killed Robin
  1808 | D:3      | Reached skill level 5 in Shields
  2117 | D:3      | Killed Grinder
  2164 | D:3      | Found a snail-covered altar of Cheibriados.
  2401 | D:4      | Found Kadewk's Magic Scroll Shoppe.
  2435 | D:4      | Reached XP level 6. HP: 48/48 MP: 6/6
  2488 | D:4      | Reached *** piety under Jiyva
  2496 | D:4      | Noticed Pikel
  2513 | D:4      | Killed Pikel
  2514 | D:4      | Reached skill level 3 in Stealth
  2514 | D:4      | Reached skill level 5 in Fighting
  2514 | D:4      | Reached skill level 5 in Armour
  2514 | D:4      | Reached XP level 7. HP: 41/56 MP: 7/7
  2619 | D:4      | Noticed Blork the orc
  2628 | D:4      | Killed Blork the orc
  2629 | D:4      | Reached XP level 8. HP: 61/62 MP: 8/8
  2631 | D:4      | Reached skill level 4 in Stealth
  2739 | D:4      | Found a staircase to the Ecumenical Temple.
  2821 | D:4      | Gained mutation: You passively map a small area around you.
                  | [Jiyva's grace]
  2821 | D:4      | Gained mutation: You passively map the area around you.
                  | [Jiyva's grace]
  2821 | D:4      | Gained mutation: You passively map a large area around you.
                  | [Jiyva's grace]
  2821 | D:4      | Gained mutation: Your melee attacks may engulf your foes in
                  | ooze. [Jiyva's grace]
  2915 | D:4      | Found a sacrificial altar of Ru.
  2991 | D:4      | Reached **** piety under Jiyva
  3223 | D:4      | Noticed Menkaure
  3227 | D:4      | Killed Menkaure
  3287 | D:4      | Found a stormy altar of Qazlal.
  3396 | Temple   | Entered the Ecumenical Temple
  3485 | D:5      | Entered Level 5 of the Dungeon
  3635 | D:5      | Noticed a hornet
  3639 | D:5      | Killed a hornet
  3640 | D:5      | Reached skill level 5 in Maces & Flails
  3767 | D:5      | Identified the +0 helmet of Decompression {rCorr}
  3909 | D:5      | You fall into a shaft and drop 3 floors!
  3909 | D:8      | Noticed a yak
  3909 | D:8      | Noticed a yak
  3909 | D:8      | Noticed a wyvern
  3909 | D:8      | Noticed a wyvern
  3909 | D:8      | Noticed a basilisk
  3909 | D:8      | Noticed a basilisk
  3909 | D:8      | Found a staircase to the Lair.
  3923 | D:8      | Reached XP level 9. HP: 55/69 MP: 9/9
  3968 | D:8      | Reached skill level 5 in Stealth
  4011 | D:8      | Reached XP level 10. HP: 53/79 MP: 10/10
  4155 | D:7      | Reached skill level 1 in Evocations
  4161 | D:7      | Reached ***** piety under Jiyva
  4294 | D:6      | Found a bloodstained altar of Trog.
  4307 | D:6      | Found an ornate altar of the Wu Jian Council.
  4378 | D:6      | Lost mutation: You passively map a large area around you.
                  | [Jiyva's grace]
  4378 | D:6      | Gained mutation: Your flesh is heat resistant. (rF+)
                  | [Jiyva's grace]
  4378 | D:6      | Gained mutation: Your flesh is very heat resistant. (rF++)
                  | [Jiyva's grace]
  4378 | D:6      | Gained mutation: Your flesh is almost immune to the effects
                  | of heat. (rF+++) [Jiyva's grace]
  4378 | D:6      | Gained mutation: Armour fits poorly on your pseudopods.
                  | [Jiyva's grace]
  4681 | D:6      | Found a shimmering blue altar of Sif Muna.
  4724 | D:6      | Found a sparkling altar of Nemelex Xobeh.
  4837 | D:6      | Found a hide-covered altar of Uskayaw.
  4838 | D:6      | Found a hazy altar of Hepliaklqana.
  4839 | D:6      | Found a glowing silver altar of Zin.
  5231 | D:7      | Learned a level 2 spell: Wereblood
  5286 | D:7      | Found a transporter.
  5289 | D:7      | Found a transporter.
  5318 | D:7      | Found a basalt altar of Yredelemnul.
  5324 | D:7      | Found an ancient bone altar of Kikubaaqudgha.
  5557 | D:7      | Identified the +4 trident of Deflation {vorpal, rPois
                  | rCorr}
  5736 | D:7      | Reached skill level 1 in Transmutations
  5741 | D:7      | Reached skill level 1 in Spellcasting
  5790 | D:7      | Learned a level 2 spell: Wereblood
  5801 | D:7      | Identified the ring of Qyrraank {Wiz rElec rF+ Will-}
  5859 | D:8      | Reached ****** piety under Jiyva
  5900 | D:8      | Noticed a centaur warrior
  5903 | D:8      | Noticed a two-headed ogre
  5921 | D:8      | Killed a centaur warrior
  5931 | D:8      | Killed a two-headed ogre
  5932 | D:8      | Reached XP level 11. HP: 27/86 MP: 15/15
  6365 | D:8      | Found a large runed translucent door.
  6365 | D:8      | Found a large runed translucent door.
  6368 | D:8      | Lost mutation: Your flesh is almost immune to the effects
                  | of heat. (rF+++) [Jiyva's grace]
  6368 | D:8      | Lost mutation: You passively map the area around you.
                  | [Jiyva's grace]
  6368 | D:8      | Gained mutation: You have an increased reservoir of magic.
                  | (+10% MP) [Jiyva's grace]
  6368 | D:8      | Gained mutation: You have a considerably increased
                  | reservoir of magic. (+20% MP) [Jiyva's grace]
  6368 | D:8      | Gained mutation: You have a greatly increased reservoir of
                  | magic. (+30% MP) [Jiyva's grace]
  6368 | D:8      | Gained mutation: You are partially covered in iridescent
                  | scales. (AC +2) [Jiyva's grace]
  6376 | D:8      | Noticed Bnni's ghost (novice DsFi)
  6479 | D:8      | Killed Bnni's ghost
  6480 | D:8      | Reached skill level 5 in Crossbows
  7502 | D:10     | Entered Level 10 of the Dungeon
  7609 | D:10     | Noticed Erolcha
  7617 | D:10     | Killed Erolcha
  7636 | D:10     | Reached skill level 6 in Stealth
  7803 | D:10     | Reached skill level 10 in Shields
  7889 | D:10     | Noticed a two-headed ogre
  7903 | D:10     | Killed a two-headed ogre
  7945 | D:10     | Reached XP level 12. HP: 95/95 MP: 21/21
  7949 | D:10     | Noticed Maurice
  7959 | D:10     | Killed Maurice
  8105 | D:10     | Noticed Josephine
  8120 | D:10     | Killed Josephine
  8216 | D:10     | Lost mutation: You have a greatly increased reservoir of
                  | magic. (+30% MP) [Jiyva's grace]
  8216 | D:10     | Lost mutation: You have a considerably increased reservoir
                  | of magic. (+20% MP) [Jiyva's grace]
  8216 | D:10     | Gained mutation: You are covered in slimy tendrils that may
                  | disarm your opponents. [Jiyva's grace]
  8216 | D:10     | Gained mutation: Your body has grown eyes which may confuse
                  | attackers. (Acc +3) [Jiyva's grace]
  8216 | D:10     | Gained mutation: Your body has grown many eyes which may
                  | confuse attackers. (Acc +5) [Jiyva's grace]
  8216 | D:10     | Gained mutation: Your body is covered in eyes which may
                  | confuse attackers. (Acc +7, SInv) [Jiyva's grace]
  8841 | D:11     | Reached skill level 5 in Transmutations
  9175 | D:11     | Noticed a two-headed ogre
  9195 | D:11     | Killed a two-headed ogre
  9196 | D:11     | Reached skill level 5 in Evocations
  9244 | D:11     | Noticed a two-headed ogre
  9247 | D:11     | Noticed a two-headed ogre
  9248 | D:11     | Reached skill level 7 in Stealth
  9256 | D:11     | Killed a two-headed ogre
  9258 | D:11     | Killed a two-headed ogre
  9403 | D:11     | Noticed a two-headed ogre
  9409 | D:11     | Noticed a two-headed ogre
  9416 | D:11     | Killed a two-headed ogre
  9425 | D:11     | Killed a two-headed ogre
  9426 | D:11     | Reached XP level 13. HP: 68/103 MP: 20/20
  9445 | D:11     | Reached skill level 10 in Fighting
  9583 | D:12     | Noticed Rupert
  9696 | D:12     | Killed Rupert
  9697 | D:12     | Reached skill level 10 in Armour
  9755 | D:12     | Noticed Jorgrun
  9768 | D:12     | Killed Jorgrun
  9808 | D:12     | Found a staircase to the Orcish Mines.
 10110 | D:12     | Found a runed translucent door.
 10111 | D:12     | Noticed Lotu's ghost (journeyman HOFi)
 10278 | D:12     | Killed Lotu's ghost
 10402 | Lair:1   | Entered Level 1 of the Lair of Beasts
 10419 | Lair:1   | Lost mutation: Your body is covered in eyes which may
                  | confuse attackers. (Acc +7, SInv) [Jiyva's grace]
 10419 | Lair:1   | Gained mutation: Your rubbery body absorbs attacks. (AC +1,
                  | EV +1) [Jiyva's grace]
 10419 | Lair:1   | Gained mutation: Your pliable body absorbs attacks. (AC +2,
                  | EV +2) [Jiyva's grace]
 10419 | Lair:1   | Gained mutation: Your gelatinous body deflects attacks. (AC
                  | +3, EV +3) [Jiyva's grace]
 10419 | Lair:1   | Gained mutation: You are robust. (+10% HP) [Jiyva's grace]
 10698 | Lair:1   | You fall into a shaft and drop 1 floor!
 10893 | Lair:1   | Reached skill level 8 in Stealth
 11491 | Lair:2   | Found a staircase to the Swamp.
 11574 | Lair:2   | Lost mutation: You have an increased reservoir of magic.
                  | (+10% MP) [Jiyva's grace]
 11574 | Lair:2   | Lost mutation: You passively map a small area around you.
                  | [Jiyva's grace]
 11574 | Lair:2   | Lost mutation: Your melee attacks may engulf your foes in
                  | ooze. [Jiyva's grace]
 11574 | Lair:2   | Gained mutation: You passively map a small area around you.
                  | [Jiyva's grace]
 11574 | Lair:2   | Gained mutation: You passively map the area around you.
                  | [Jiyva's grace]
 11574 | Lair:2   | Gained mutation: You passively map a large area around you.
                  | [Jiyva's grace]
 11574 | Lair:2   | Gained mutation: Armour fits poorly on your large
                  | pseudopods. [Jiyva's grace]
 12109 | Lair:3   | Reached skill level 5 in Spellcasting
 12155 | Lair:3   | Noticed Zero's ghost (journeyman GrFi)
 12158 | Lair:3   | Found a runed translucent door.
 12464 | Lair:3   | Found a hole to the Spider Nest.
 12705 | Lair:3   | Killed Zero's ghost
 12779 | Lair:4   | Reached XP level 14. HP: 120/121 MP: 21/21
 13177 | Lair:4   | Noticed Nergalle
 13191 | Lair:4   | Killed Nergalle
 13385 | Lair:4   | Lost mutation: You are partially covered in iridescent
                  | scales. (AC +2) [Jiyva's grace]
 13385 | Lair:4   | Lost mutation: You passively map a large area around you.
                  | [Jiyva's grace]
 13385 | Lair:4   | Gained mutation: You have sharp toenails. [Jiyva's grace]
 13385 | Lair:4   | Gained mutation: You have razor-sharp toenails. [Jiyva's
                  | grace]
 13385 | Lair:4   | Gained mutation: You have claws for feet. [Jiyva's grace]
 13385 | Lair:4   | Gained mutation: You have hidden genetic potential.
                  | [Jiyva's grace]
 14336 | Lair:5   | Found a transporter.
 14338 | Lair:5   | Found a transporter.
 14402 | Lair:5   | Reached skill level 10 in Maces & Flails
 14842 | Lair:6   | Entered Level 6 of the Lair of Beasts
 14947 | Lair:6   | Noticed Nessos
 14964 | Lair:6   | Killed Nessos
 14965 | Lair:6   | Reached skill level 10 in Crossbows
 14996 | Lair:6   | Found a blossoming altar of Fedhas.
 15347 | Lair:6   | Reached skill level 9 in Stealth
 15430 | Lair:6   | Lost mutation: Your flesh is very heat resistant. (rF++)
                  | [Jiyva's grace]
 15430 | Lair:6   | Lost mutation: Your body has grown many eyes which may
                  | confuse attackers. (Acc +5) [Jiyva's grace]
 15430 | Lair:6   | Lost mutation: Your gelatinous body deflects attacks. (AC
                  | +3, EV +3) [Jiyva's grace]
 15430 | Lair:6   | Lost mutation: Armour fits poorly on your large pseudopods.
                  | [Jiyva's grace]
 15430 | Lair:6   | Lost mutation: You are covered in slimy tendrils that may
                  | disarm your opponents. [Jiyva's grace]
 15430 | Lair:6   | Gained mutation: You are partially covered in iridescent
                  | scales. (AC +2) [Jiyva's grace]
 15430 | Lair:6   | Gained mutation: You are mostly covered in iridescent
                  | scales. (AC +4) [Jiyva's grace]
 15430 | Lair:6   | Gained mutation: You are completely covered in iridescent
                  | scales. (AC +6) [Jiyva's grace]
 15430 | Lair:6   | Gained mutation: You are covered in slimy tendrils that may
                  | disarm your opponents. [Jiyva's grace]
 15451 | Lair:6   | Reached XP level 15. HP: 96/130 MP: 22/22
 15521 | Lair:6   | Found a corrupted altar of Lugonu.
 15521 | Lair:6   | Found a one-way gate to the infinite horrors of the Abyss.
 15672 | Lair:6   | Gained mutation: You are strong-willed. (Will+) [hidden
                  | potential]
 15916 | Lair:6   | Found a viscous altar of Jiyva.
 15917 | Lair:6   | Found a staircase to the Slime Pits.
 16226 | Orc:1    | Entered Level 1 of the Orcish Mines
 16285 | Orc:2    | Entered Level 2 of the Orcish Mines
 16363 | Orc:2    | Noticed Saint Roka
 16390 | Orc:2    | Killed Saint Roka
 16514 | Orc:1    | Noticed Harold
 16525 | Orc:1    | Killed Harold
 16812 | Orc:2    | Reached skill level 5 in Dodging
 17126 | Orc:2    | Found Huol's Book Shop.
 17126 | Orc:2    | Found Kotearem's Assorted Antiques.
 17127 | Orc:2    | Found Imir Dei's Antique Weapon Boutique.
 17149 | Orc:2    | Found Ufizebuy's Armour Shop.
 17153 | Orc:2    | Bought a manual of Stealth for 960 gold pieces
 17162 | Orc:2    | Bought a glowing dark potion for 22 gold pieces
 17256 | Orc:2    | Found a staircase to the Elven Halls.
 17342 | Orc:2    | Lost mutation: You have claws for feet. [Jiyva's grace]
 17342 | Orc:2    | Lost mutation: You passively map the area around you.
                  | [Jiyva's grace]
 17342 | Orc:2    | Lost mutation: Armour fits poorly on your pseudopods.
                  | [Jiyva's grace]
 17342 | Orc:2    | Gained mutation: You expend magic power (3 MP) to
                  | strengthen your wands. [Jiyva's grace]
 17342 | Orc:2    | Gained mutation: A frigid envelope surrounds you and
                  | freezes all who hurt you. [Jiyva's grace]
 17342 | Orc:2    | Gained mutation: Your translucent skin slightly reduces
                  | your foes' accuracy. (Stealth+) [Jiyva's grace]
 17342 | Orc:2    | Gained mutation: Your translucent skin reduces your foes'
                  | accuracy. (Stealth+) [Jiyva's grace]
 17535 | Orc:2    | Bought the +1 pair of boots "Kupocese" {Slay+2} for 298
                  | gold pieces
 17903 | D:13     | Noticed Lodul
 17917 | D:13     | Reached skill level 10 in Stealth
 17925 | D:13     | Killed Lodul
 17932 | D:13     | Reached skill level 11 in Stealth
 17981 | D:13     | Reached skill level 12 in Stealth
 18022 | D:13     | Found a basalt altar of Yredelemnul.
 18134 | D:13     | Reached skill level 13 in Stealth
 18185 | D:13     | Reached skill level 14 in Stealth
 18254 | D:13     | Found a gate to the Vaults.
 18284 | D:13     | Noticed a white very ugly thing
 18313 | D:13     | Reached XP level 16. HP: 139/139 MP: 23/23
 18353 | D:13     | Reached skill level 15 in Stealth
 18616 | D:13     | Gained mutation: You are highly strong-willed. (Will++)
                  | [hidden potential]
 18616 | D:13     | Lost mutation: You have hidden genetic potential. [hidden
                  | potential expressed]
 18638 | D:13     | Reached skill level 16 in Stealth
 18889 | D:13     | Noticed a tengu reaver
 18898 | D:13     | Killed a tengu reaver
 19036 | D:14     | Found a frozen archway.
 19135 | IceCv    | Entered an ice cave
 19645 | IceCv    | Reached skill level 17 in Stealth
 19703 | IceCv    | HP: 5/139 [caustic shrike simulacrum (26)]
 19759 | IceCv    | Lost mutation: You have razor-sharp toenails. [Jiyva's
                  | grace]
 19759 | IceCv    | Lost mutation: You are completely covered in iridescent
                  | scales. (AC +6) [Jiyva's grace]
 19759 | IceCv    | Lost mutation: You are highly strong-willed. (Will++)
                  | [Jiyva's grace]
 19759 | IceCv    | Lost mutation: Your pliable body absorbs attacks. (AC +2,
                  | EV +2) [Jiyva's grace]
 19759 | IceCv    | Gained mutation: You are completely covered in iridescent
                  | scales. (AC +6) [Jiyva's grace]
 19759 | IceCv    | Gained mutation: You are agile. (Dex +2) [Jiyva's grace]
 19759 | IceCv    | Gained mutation: You are very agile. (Dex +4) [Jiyva's
                  | grace]
 19759 | IceCv    | Gained mutation: Armour fits poorly on your pseudopods.
                  | [Jiyva's grace]
 19896 | IceCv    | Noticed an Ice Fiend
 19915 | IceCv    | HP: 1/141 [Ice Fiend (16)]
 19918 | IceCv    | Killed an Ice Fiend
 20290 | IceCv    | Identified the +3 quarterstaff of Feum {protect, rPois}
 20379 | D:14     | Found a portal to a secret trove of treasure.
 20882 | D:15     | Entered Level 15 of the Dungeon
 21134 | D:15     | Found a radiant altar of Vehumet.
 21253 | D:15     | Reached XP level 17. HP: 148/149 MP: 26/26
 21471 | D:15     | Found a staircase to the Depths.
 21592 | D:15     | Found Gorgh's Overcharged Wands.
 21927 | D:15     | Lost mutation: You have sharp toenails. [Jiyva's grace]
 21927 | D:15     | Lost mutation: You are completely covered in iridescent
                  | scales. (AC +6) [Jiyva's grace]
 21927 | D:15     | Lost mutation: You are mostly covered in iridescent scales.
                  | (AC +4) [Jiyva's grace]
 21927 | D:15     | Lost mutation: Your flesh is heat resistant. (rF+) [Jiyva's
                  | grace]
 21927 | D:15     | Lost mutation: You passively map a small area around you.
                  | [Jiyva's grace]
 21927 | D:15     | Lost mutation: Your rubbery body absorbs attacks. (AC +1,
                  | EV +1) [Jiyva's grace]
 21927 | D:15     | Lost mutation: Your translucent skin reduces your foes'
                  | accuracy. (Stealth+) [Jiyva's grace]
 21927 | D:15     | Gained mutation: Your muscles are strong. (Str +2) [Jiyva's
                  | grace]
 21927 | D:15     | Gained mutation: Your muscles are very strong. (Str +4)
                  | [Jiyva's grace]
 21927 | D:15     | Gained mutation: You have acidic saliva. [Jiyva's grace]
 21927 | D:15     | Gained mutation: Your flesh is cold resistant. (rC+)
                  | [Jiyva's grace]
 22318 | Swamp:1  | Entered Level 1 of the Swamp
 23081 | Swamp:2  | Reached skill level 15 in Shields
 23197 | Swamp:2  | Reached skill level 18 in Stealth
 24024 | Swamp:3  | Slain by a goliath frog

Illustrated notes

Levels and vault maps discovered:
D:1:      giann_horns, layout_rooms
D:2:      minmay_diamond_boxcup, layout_loops_cross,
          nicolae_ecumenical_oubliette
D:3:      minmay_octagon_keep, layout_loops_ring, lemuel_round_altar,
          minmay_increasing_density, uniq_robin, uniq_grinder
D:4:      layout_cave_pods, grunt_qazlal_clouds, overflow_temple_1_default,
          minmay_temple_entry_antechambers, serial_shops,
          nicolae_shop_advertising_works [nicolae_subvault_shop_adworks],
          uniq_blork_the_orc, uniq_pikel, uniq_menkaure
D:5:      dreamdust_elfheim, layout_loops_ring
D:6:      layout_basic, lemuel_blue_sif_altar, nemelex_dance_club_becter,
          chequers_temple_overflow_statue_of_worship, jmf_multi_god_temple
D:7:      layout_cave_pools, gammafunk_temple_of_torment,
          kennysheep_cluttered_room
D:8:      layout_rooms, minmay_lair_entry_grove, ebering_ghost_disaster_area
D:9:      layout_grid_maze, minmay_misc_feat_tiny, minmay_fountain_box
D:10:     layout_long_grid, minmay_misc_feat_ornament, uniq_josephine,
          uniq_maurice, uniq_erolcha
D:11:     lemuel_ogre_cave, layout_long_grid
D:12:     layout_big_octagon, minmay_orc_entry_temple_small,
          ebering_ghost_reflecting_pool, uniq_rupert, uniq_jorgrun
D:13:     nzn_winding_woodlands_large [nzn_winding_woodlands_5x5_three,
          nzn_winding_woodlands_5x15_cabin,
          nzn_winding_woodlands_5x5_checkerboard,
          nzn_winding_woodlands_center_diamonds,
          nzn_winding_woodlands_15x15_thick_spiral,
          nzn_winding_woodlands_center_triple_pond,
          nzn_winding_woodlands_hourglass,
          nzn_winding_woodlands_5x15_pathside_ponds,
          nzn_winding_woodlands_5x5_open_star], layout_stronghold,
          serial_column_ruins, column_ruins_hut_pillars,
          column_ruins_hut_ruined, column_ruins_columns_dead_end,
          column_ruins_open_small, column_ruins_open_tiny,
          column_ruins_columns_dead_end, yredelemnul_altar_generic, uniq_lodul
D:14:     layout_loops_cross, portal_ice_cave_entry_ice_statue_two,
          nicolae_trove_entry_crossroad
D:15:     grunt_enter_depths_hoard, layout_stronghold, fiery_altar_vehumet,
          nicolae_shop_overcharged_wands
Temple:   eino_temple_lava
Lair:1:   layout_chaotic_city
Lair:2:   layout_regular_city, minmay_swamp_entry_reptiles,
          infiniplex_staircase_pool, grunt_megastairs_2
Lair:3:   layout_roguey, spider_nest_entry_funnel_web,
          hellmonk_ghost_happy_afterlife
Lair:4:   layout_layer_cave, minmay_shattered_shrine, uniq_nergalle
Lair:5:   gammafunk_boulding_lane, layout_gridlike, gammafunk_lair_bear_cave
Lair:6:   hellmonk_lair_end_abyssal_woods, layout_hall_layers,
          dpeg_slime_entry_enclosed_altar, basic_altar, fungi_pond_lemuel,
          st_stairs_13, minivault_11, lemuel_fruit_tree, uniq_nessos
Swamp:1:  layout_falls_marsh, serial_swamp_ruin, evilmike_swamp_ruin_house_2,
          evilmike_swamp_ruin_house_4, evilmike_swamp_ruin_house_3, swamp_pool1,
          infiniplex_staircase_pool_2
Swamp:2:  nicolae_swamp_decorative_isthmus, layout_basic_swamp,
          evilmike_swamp_ruin_house_5, swamp_pool1
Swamp:3:  layout_basic_swamp, nicolae_swamp_fairy_circle, swamp_pool1
Orc:1:    layout_caves, uniq_harold
Orc:2:    st_orc_mages, layout_diamond_mine, hangedman_minor_magic,
          uniq_saint_roka

Skill      XL: |  1  2  3  4  5  6  7  8  9 10 11 12 13 14 15 16 17 |
---------------+----------------------------------------------------+-----
Shields        | 4 5 6 7 9 10 11 12 13 14 15 | 15.0
Fighting       | 4 5 6 7 8 9 10 11 12 13 | 13.0
Armour         | 4 5 6 7 8 9 10 11 12 13 | 13.0
Stealth        | 1 2 3 4 5 6 7 8 9 14 17 18 | 18.0
Dodging        | 1 2 3 4 5 |  5.0
Maces & Flails | 3 4 5 6 7 8 9 10 11 12 | 12.0
Evocations     | 4 5 6 7 8 |  8.0
Transmutations | 4 5 6 7 8 |  8.0
Spellcasting   | 3 4 5 6 |  6.0
Crossbows      | 2 7 8 9 10 11 | 11.7

Action                   |  1- 3 |  4- 6 |  7- 9 | 10-12 | 13-15 | 16-18 || total
-------------------------+-------+-------+-------+-------+-------+-------++-------
Melee: Flail             |   121 |    68 |       |       |       |       ||   189
       Morningstar       |       |   105 |   164 |   622 |   525 |       ||  1416
       Pseudopods        |       |       |       |   138 |   253 |    66 ||   457
       Kick              |       |       |       |       |   202 |       ||   202
       Great mace        |       |       |       |       |   442 |   468 ||   910
       Bite              |       |       |       |       |       |    20 ||    20
 Fire: Hand crossbow     |       |       |       |   116 |   445 |     5 ||   566
       Arbalest          |       |       |       |       |       |   273 ||   273
Invok: Oozemancy         |       |       |       |       |     2 |     3 ||     5
 Abil: Dig               |       |       |     2 |     4 |     3 |     1 ||    10
Evoke: Lightning rod     |       |       |       |       |       |     4 ||     4
       Tin of tremorston |       |       |       |       |       |     2 ||     2
       Condenser vane    |       |       |       |       |       |     1 ||     1
  Use: Scroll            |     7 |     6 |       |     6 |     8 |     6 ||    33
       Potion            |       |       |       |       |     2 |     2 ||     4
 Stab: Sleeping          |       |       |       |     1 |     1 |     4 ||     6
       Confused          |       |       |       |     6 |    23 |     4 ||    33
       Paralysed         |       |       |       |     1 |       |       ||     1
       Petrified         |       |       |       |       |       |     4 ||     4
Armor: Scale mail        |    70 |    86 |    55 |    27 |       |       ||   238
       Plate armour      |       |       |       |   257 |   397 |   270 ||   924
       Ring mail         |       |       |       |       |    16 |       ||    16
Dodge: Dodged            |    57 |    70 |    66 |   194 |   352 |   200 ||   939
Block: Buckler           |    40 |    68 |    78 |   260 |   464 |   274 ||  1184

Table legend: (Time is in decaauts)
 A = Elapsed time spent in this place.
 B = Non-inter-level travel time spent in this place.
 C = Inter-level travel time spent in this place.
 D = Time resting spent in this place.
 E = Time spent auto-exploring this place.
 F = Levels seen in this place.
 G = Mean time per level.
                   A        B        C        D        E       F      G
               +--------+--------+--------+--------+--------+-----+--------+
         Total |  24841 |  22341 |   2500 |    395 |  15249 |  28 |  887.2 |
       Dungeon |  14243 |  12596 |   1647 |     46 |   8910 |  15 |  949.5 |
        Temple |     64 |     58 |      6 |      0 |     55 |   1 |   64.0 |
          Lair |   5832 |   5215 |    617 |      8 |   3638 |   6 |  972.0 |
         Swamp |   1864 |   1775 |     89 |    200 |   1124 |   3 |  621.3 |
  Orcish Mines |   1613 |   1474 |    139 |     45 |    833 |   2 |  806.5 |
      Ice Cave |   1222 |   1222 |      0 |     94 |    688 |   1 | 1222.0 |
               +--------+--------+--------+--------+--------+-----+--------+

Top non-repeatable levels by time:
    D:15: 1235 daAuts
    D:11: 1233 daAuts
   IceCv: 1222 daAuts
    D:13: 1222 daAuts
   Orc:2: 1206 daAuts
  Lair:4: 1189 daAuts
  Lair:6: 1144 daAuts
    D:10: 1114 daAuts
     D:4: 1103 daAuts
     D:3: 1050 daAuts
     D:8: 1042 daAuts
     D:9: 1018 daAuts
  Lair:5: 973 daAuts
 Swamp:2: 923 daAuts
  Lair:2: 907 daAuts
